 Dungeon Crawl Stone Soup version 0.31.0-11-ge490571c62 (webtiles) character file.

Game seed: 14076053596668685038

1661 qw the Skirmisher (level 8, -1/40 HPs)
             Began as a Spriggan Hunter on Feb 5, 2024.
             Was a Follower of Okawaru.
             Slain by a phantom (3 damage)
             ... on level 6 of the Dungeon.
             The game lasted 00:02:12 (5035 turns).

qw the Skirmisher (Spriggan Hunter)                 Turns: 5035, Time: 00:02:13

Health: -1/40      AC:  2    Str: 13    XL:     8   Next: 69%
Magic:  11/11      EV: 23    Int: 11    God:    Okawaru [*.....]
Gold:   199        SH:  0    Dex: 20    Spells: 7/7 levels left

rFire   . . .        a - +0 shortbow (drain)
rCold   . . .        (shield currently unavailable)
rNeg    . . .        c - +0 robe
rPois   .            (helmet restricted)
rElec   .            (no cloak)
rCorr   +            (gloves unavailable)
SInv    +            (boots unavailable)
Will    +....        (no amulet)
Stlth   ++           b - ring of resist corrosion
HPRegen 0.26/turn    d - +6 ring of strength
MPRegen 0.12/turn

%: no passive effects
@: very quick
A: very small, no large weapons, unfitting armour, see invisible, speed 3
a: Renounce Religion, Heroism


You were on level 6 of the Dungeon.
You worshipped Okawaru.
Okawaru was aware of your devotion.
You visited 2 branches of the dungeon, and saw 7 of its levels.

You collected 241 gold pieces.
You spent 42 gold pieces at shops.


Innate Abilities, Weirdness & Mutations

You are very small and have problems with some larger weapons.
You are too small for most types of armour.
You have supernaturally acute eyesight. (SInv)
You cover ground extremely quickly. (Speed+++)


   Skills:
 - Level 3.1 Fighting
 - Level 9.0 Ranged Weapons
 + Level 8.5 Dodging
 - Level 1.5 Stealth
 + Level 3.0 Invocations


You had 7 spell levels left.
You didn't know any spells.
Your spell library was empty.

Inventory:

Hand Weapons
 a - a +0 shortbow of draining (weapon)
Armour
 c - a +0 robe (worn)
Jewellery
 b - a ring of resist corrosion (left hand)
 d - a +6 ring of strength (right hand)
 e - a ring of ice
 i - a +6 ring of intelligence
Potions
 f - a potion of might
 g - a potion of enlightenment {unknown}
 h - a potion of haste
 j - 3 potions of curing
 l - a potion of invisibility {unknown}

Dungeon Overview and Level Annotations

Branches:
Dungeon (6/15)             Temple (1/1) D:5

Altars:
Elyvilon
Fedhas
Hepliaklqana
Kikubaaqudgha
Makhleb
Okawaru
Qazlal
Ru
Sif Muna
Trog
Vehumet
Wu Jian
Xom
Yredelemnul
The Shining One

Shops:
D:3 *   D:6 (

Annotations:
D:4 1 runed translucent door, Crazy Yiuf
D:5 2 transporters, qw's ghost, novice SpHu
D:6 Eustachio; Maggie


Message History

The arrow barely misses the kobold brigand.
The arrow hits the orc wizard.
You drain the orc wizard.
The orc wizard is heavily wounded.
The phantom closely misses you. The kobold brigand barely misses you.
You shoot an arrow.
The arrow hits the kobold brigand but does no damage.
The kobold brigand is almost dead.
The phantom misses you. The orc wizard barely misses you.
The kobold brigand misses you.
You shoot an arrow. The arrow hits the kobold brigand.
You drain the kobold brigand.
The kobold brigand is almost dead.
The phantom barely misses you.
The orc wizard hits you with a +0 dagger.
The kobold brigand hits you with a +0 short sword.
You shoot an arrow. The arrow hits the kobold brigand.
You kill the kobold brigand!
Okawaru accepts your kill. The phantom completely misses you.
The orc wizard gestures at you while chanting.
The puff of flame misses you.
Your Invocations skill increases to level 3!
You shoot an arrow. The arrow closely misses the phantom.
The phantom hits you but does no damage.
The orc wizard misses you.
You shoot an arrow. The arrow misses the phantom.
The phantom hits you.
The phantom blinks!
You blink.
You shoot an arrow. The arrow hits the phantom.
The phantom is heavily damaged.
The phantom closely misses you. The orc wizard casts a spell at you.
The magic dart hits you!
You shoot an arrow. The ufetubus shouts!
The arrow hits the phantom.
The phantom is severely damaged.
The phantom misses you.
You shoot an arrow. The arrow barely misses the phantom.
The phantom hits you.
You die...

...$........%....###.#.......##
............<.....#..#....####
...........).........#......##
.........##..#......##.......#
...##.#..##.#%......#.....#..#
#.# ###.###.##....#..)....#..#
#$........)##..........#
.##.##....#......##..... ..
.##.....@..o.)ยค###...^
..........W......# ....
........................
.#...............#..
#...5.........### .# ..
............>... # .
...............## .
........###..### ....#.#.# .##


You could see a phantom, an orc wizard (invisible, very drained) and an
ufetubus.

Vanquished Creatures
  Edmund (D:6)
  A water moccasin (D:5)
  A black bear (D:5)
  An ogre (D:4)
  An orc warrior (D:6)
  A phantom (D:3)
  A kobold brigand (D:6)
  A bullfrog (D:4)
  2 scorpions (D:5)
  3 bombardier beetles
  7 hounds
  An orc priest (D:5)
  4 iguanas
  2 sleepcaps
  6 orc wizards
  8 adders
  3 shadow imps
  2 ufetubi (D:6)
  2 ribbon worms
  A dart slug (D:1)
  15 orcs
  7 ball pythons
  5 bats
  5 endoplasms
  A giant cockroach (D:4)
  7 hobgoblins
  8 jackals
  4 quokkas
  2 frilled lizards
  13 goblins
  6 kobolds
  5 rats
127 creatures vanquished.

Vanquished Creatures (others)
  An ufetubus (D:6)
1 creature vanquished.

Grand Total: 128 creatures vanquished

Notes
Turn   | Place    | Note
-------+----------+-------------------------------------------
     0 | D:1      | qw the Spriggan Hunter began the quest for the Orb.
     0 | D:1      | Reached XP level 1. HP: 10/10 MP: 2/2
     0 | D:1      | 0 ||| qw: Version: 0.3-a-160-g6735b56
     0 | D:1      | 0 ||| qw: Game counter: 6500
     0 | D:1      | 0 ||| qw: Melee chars always use a shield: true
     0 | D:1      | 0 ||| qw: God list: Okawaru
     0 | D:1      | 0 ||| qw: Allow faded altars: false
     0 | D:1      | 0 ||| qw: Do Orc after clearing Dungeon:15 true
     0 | D:1      | 0 ||| qw: Do second Lair branch before Depths: true
     0 | D:1      | 0 ||| qw: Lair rune preference: random
     0 | D:1      | 0 ||| qw: Goals: Normal
     0 | D:1      | 0 ||| PLANNING D:1-11
   174 | D:1      | Reached skill level 3 in Dodging
   220 | D:1      | Reached XP level 2. HP: 5/14 MP: 3/3
   640 | D:1      | 640 ||| READING scroll labelled GIEDUA JOPS.
   641 | D:1      | 641 ||| READING scroll labelled ZAPHUE PIPO.
   641 | D:1      | 641 ||| IDENTIFYING black potion
   642 | D:1      | 642 ||| READING scroll labelled IMU HAREX ABU.
   667 | D:1      | 667 ||| READING scroll labelled YTAYB LAHUAQIP.
   668 | D:1      | 668 ||| READING scroll labelled LAOVEO JE CAEW.
   673 | D:1      | 673 ||| READING scroll labelled XAMOUG GIS FARR.
   673 | D:1      | 673 ||| BRANDING +0 shortbow.
   674 | D:1      | 674 ||| DROPPING scroll of butterflies.
   726 | D:2      | Reached XP level 3. HP: 18/18 MP: 4/4
  1639 | D:2      | 1639 ||| READING 2 scrolls of identify.
  1639 | D:2      | 1639 ||| IDENTIFYING metallic red potion
  1640 | D:2      | 1640 ||| READING scroll of identify.
  1640 | D:2      | 1640 ||| IDENTIFYING fuming cyan potion
  1641 | D:2      | 1641 ||| READING scroll labelled IMEK NOMEITZ.
  1642 | D:2      | 1642 ||| READING scroll labelled KIDWI MOYGYU.
  1743 | D:2      | 1743 ||| READING scroll labelled OCUUTOGIGH.
  1744 | D:2      | 1744 ||| READING 2 scrolls labelled VOPOAH HOARA.
  1745 | D:2      | 1745 ||| READING scroll labelled AFEIQE GUAQUOV.
  1745 | D:2      | 1745 ||| ENCHANTING +0 shortbow of draining.
  1746 | D:2      | 1746 ||| READING scroll labelled MIGISHO AGONOSS.
  1747 | D:2      | 1747 ||| DROPPING scroll of poison.
  1749 | D:2      | 1749 ||| Stepping ~*~*~tactically~*~*~ (cloud).
  1755 | D:2      | HP: 4/18 [poisoned by you (poison gas)]
  1881 | D:3      | Reached skill level 5 in Ranged Weapons
  1896 | D:3      | Noticed a phantom
  1897 | D:3      | 1897 ||| DRINKING 2 potions of haste.
  1914 | D:3      | Killed a phantom
  1915 | D:3      | Reached XP level 4. HP: 15/22 MP: 5/5
  1985 | D:3      | Reached XP level 5. HP: 24/25 MP: 6/6
  1999 | D:3      | Found Foadan's Assorted Antiques.
  2002 | D:3      | 2002 ||| SHOPLISTING 2 potions of heal wounds (210 gold,
                  | have 107).
  2002 | D:3      | 2002 ||| SHOPLISTING potion of haste (210 gold, have 107).
  2002 | D:3      | 2002 ||| BUYING scroll of identify (42 gold).
  2002 | D:3      | Bought a scroll of identify for 42 gold pieces
  2585 | D:3      | 2585 ||| READING scroll of identify.
  2585 | D:3      | 2585 ||| IDENTIFYING murky puce potion
  2586 | D:3      | 2586 ||| READING scroll labelled IQAWEY EKLUNLAIJU.
  2587 | D:3      | 2587 ||| DROPPING potion of magic.
  2679 | D:4      | HP: 6/26 [orc wizard/+0 dagger (2)]
  2680 | D:4      | 2680 ||| READING scroll of teleportation.
  2681 | D:4      | 2681 ||| DRINKING potion of heal wounds.
  2908 | D:4      | Found a radiant altar of Vehumet.
  2954 | D:4      | Reached skill level 6 in Ranged Weapons
  2954 | D:4      | Reached XP level 6. HP: 28/30 MP: 7/7
  2999 | D:4      | Reached skill level 6 in Dodging
  3205 | D:4      | 3205 ||| RETREEEEATING.
  3210 | D:4      | 3210 ||| RETREEEEATING.
  3212 | D:4      | 3212 ||| RETREEEEATING.
  3215 | D:4      | Reached skill level 7 in Ranged Weapons
  3221 | D:4      | Reached XP level 7. HP: 29/35 MP: 8/8
  3266 | D:4      | Found the +8 Wrath of Trog {antimagic, *Rage Rampage}
  3405 | D:4      | Found a runed translucent door.
  3406 | D:4      | Noticed Crazy Yiuf
  3552 | D:4      | 3552 ||| UPGRADING to ring of resist corrosion.
  3580 | D:5      | Entered Level 5 of the Dungeon
  3751 | D:5      | Found a staircase to the Ecumenical Temple.
  3752 | D:5      | 3752 ||| PLANNING TEMPLE
  3754 | D:5      | 3754 ||| UPGRADING to +6 ring of strength.
  3763 | Temple   | Entered the Ecumenical Temple
  3764 | Temple   | 3764 ||| PLANNING OKAWARU WORSHIP
  3776 | Temple   | Became a worshipper of Warmaster Okawaru
  3777 | Temple   | 3777 ||| PLANNING D:1-11
  4040 | D:5      | Reached skill level 8 in Ranged Weapons
  4201 | D:5      | Found a transporter.
  4208 | D:5      | Noticed qw's ghost (novice SpHu)
  4211 | D:5      | Found a transporter.
  4233 | D:5      | Reached XP level 8. HP: 32/39 MP: 9/9
  4234 | D:5      | Reached * piety under Okawaru
  4235 | D:5      | Reached skill level 3 in Fighting
  4498 | D:5      | 4498 ||| INVOKING Heroism.
  4499 | D:5      | 4499 ||| DRINKING potion of haste.
  4626 | D:5      | 4626 ||| READING 2 scrolls of identify.
  4626 | D:5      | 4626 ||| IDENTIFYING metallic grey potion
  4627 | D:5      | 4627 ||| READING scroll of identify.
  4627 | D:5      | 4627 ||| IDENTIFYING cyan potion
  4628 | D:5      | 4628 ||| DROPPING potion of lignification.
  4661 | D:6      | Noticed Maggie
  4662 | D:6      | 4662 ||| STAIRDANCE
  4697 | D:6      | 4697 ||| STAIRDANCE
  4807 | D:6      | Found Son Kuafi's Weapon Boutique.
  4826 | D:6      | Reached skill level 1 in Invocations
  4880 | D:6      | Noticed Edmund
  4893 | D:6      | Killed Edmund
  4985 | D:6      | Noticed Eustachio
  4986 | D:6      | 4986 ||| RETREEEEATING.
  4987 | D:6      | 4987 ||| RETREEEEATING.
  4988 | D:6      | 4988 ||| RETREEEEATING.
  4989 | D:6      | 4989 ||| RETREEEEATING.
  4990 | D:6      | 4990 ||| RETREEEEATING.
  4991 | D:6      | 4991 ||| RETREEEEATING.
  4992 | D:6      | 4992 ||| RETREEEEATING.
  4993 | D:6      | 4993 ||| RETREEEEATING.
  4994 | D:6      | 4994 ||| RETREEEEATING.
  4995 | D:6      | 4995 ||| RETREEEEATING.
  4996 | D:6      | 4996 ||| RETREEEEATING.
  5004 | D:6      | 5004 ||| RETREEEEATING.
  5007 | D:6      | Reached skill level 9 in Ranged Weapons
  5008 | D:6      | 5008 ||| RETREEEEATING.
  5009 | D:6      | 5009 ||| RETREEEEATING.
  5010 | D:6      | 5010 ||| RETREEEEATING.
  5031 | D:6      | Reached skill level 3 in Invocations
  5032 | D:6      | HP: 9/40 [phantom (3)]
  5033 | D:6      | HP: 2/40 [orc wizard/magic dart (8)]
  5035 | D:6      | Slain by a phantom

Levels and vault maps discovered:
D:1:      dpeg_arrival_castle, layout_basic, serial_bayou_lagoon_a
D:2:      layout_loops_corners
D:3:      layout_loops_ring, serial_shops, nicolae_shop_tiny_real_fake_doors,
          roderic_roman_lattice, chequers_serial_rivers_marsh
D:4:      layout_loops_corners, marbit_many_paths, uniq_crazy_yiuf_cottage
D:5:      minmay_inner_zag, layout_loops_ring, minmay_temple_entry_mini_moons,
          gammafunk_ghost_arena
D:6:      layout_cave_pools, gammafunk_temple_overflow_claw, serial_shops, shop,
          uniq_edmund, uniq_maggie, uniq_eustachio, uniq_menkaure
Temple:   dpeg_chambers_temple

Skill      XL: |  1  2  3  4  5  6  7  8 |
---------------+-------------------------+-----
Dodging        | 3 4 5 6 7 8 |  8.5
Ranged Weapons | 5 6 7 8 9 |  9.0
Fighting       | 2 3 |  3.1
Invocations    | 3 |  3.0
Stealth        | |  1.5

Action                     |  1- 3 |  4- 6 |  7- 9 || total
---------------------------+-------+-------+-------++-------
   Fire: Shortbow          |   106 |   128 |   239 ||   473
 Invoke: Heroism           |       |       |     1 ||     1
    Use: Scroll            |    14 |     3 |     2 ||    19
         Potion            |     1 |     1 |     1 ||     3
 Armour: Robe              |    11 |    17 |    43 ||    71
  Dodge: Dodged            |    35 |    54 |   199 ||   288

Table legend:
 A = Non-vault XP
 B = Vault XP
 C = Vault XP percentage of total XP
 D = Non-vault monster count
 E = Vault monster count
 F = Vault count percentage of total count
                 A         B        C        D         E       F
            +---------+---------+-------+---------+---------+-------
      Total |    2028 |     346 |  14.6 |     122 |       5 |   3.9
            +---------+---------+-------+---------+---------+-------
        D:1 |      22 |       0 |   0.0 |      12 |       0 |   0.0
        D:2 |      55 |       0 |   0.0 |      18 |       0 |   0.0
        D:3 |     154 |       0 |   0.0 |      25 |       0 |   0.0
        D:4 |     523 |       2 |   0.4 |      25 |       1 |   3.8
        D:5 |     858 |     178 |  17.2 |      30 |       3 |   9.1
        D:6 |     416 |     166 |  28.5 |      12 |       1 |   7.7
            +---------+---------+-------+---------+---------+-------
